 Dungeon Crawl Stone Soup version 0.22-a0-417-g1387785 (webtiles) character file.

233 iamserjio the Grave Robber (level 5, 0/35 HPs)
             Began as a Mummy Necromancer on May 14, 2018.
             Slain by Kairos's ghost (14 damage)
             ... on level 3 of the Dungeon.
             The game lasted 00:08:15 (3853 turns).

iamserjio the Grave Robber (Mummy Necromancer)      Turns: 3853, Time: 00:08:16

Health: 0/35       AC:  3    Str: 12    XL:     5   Next: 75%
Magic:  6/12       EV: 12    Int: 15    God:
Gold:   109        SH:  0    Dex: 12    Spells: 6/14 levels left

rFire    x . .     SeeInvis .   l - +1 short sword
rCold    + . .     Gourm    .   (no shield)
rNeg     + + +     Faith    .   a - +0 robe
rPois    ∞         Spirit   .   j - +0 helmet
rElec    .         Reflect  .   (no cloak)
rCorr    .         Harm     .   (no gloves)
MR       .....                  (no boots)
Stlth    +.........             (no amulet)
HPRegen  0.11/turn              (no ring)
MPRegen  0.13/turn              (no ring)

@: confused
A: no food or potions, fire vulnerability, cold resistance 1, negative energy
resistance 3, torment resistance, unbreathing
a: no special abilities


You were on level 3 of the Dungeon.
You were not hungry.

You visited 1 branch of the dungeon, and saw 4 of its levels.

You collected 109 gold pieces.

Inventory:

Hand Weapons
 e - a +0 club
 f - a +0 whip
 l - a +1 short sword (weapon)
Armour
 a - a +0 robe (worn)
 j - a +0 helmet (worn)
Jewellery
 m - a +3 ring of evasion {unknown}
Wands
 k - a wand of random effects (37)
Scrolls
 b - 2 scrolls of remove curse
 c - 3 scrolls of enchant weapon
 d - a scroll of fog
 g - 2 scrolls of teleportation {unknown}
 h - a scroll of immolation


   Skills:
 - Level 1.6 Dodging
 - Level 1.6 Stealth
 + Level 5.3 Spellcasting
 + Level 5.8 Necromancy


You had 6 spell levels left.
You knew the following spells:

 Your Spells              Type           Power        Failure   Level  Hunger
a - Pain                  Necr           ###.         1%          1    N/A
b - Vampiric Draining     Necr           ###.......   4%          3    N/A
c - Animate Dead          Necr           N/A          14%         4    N/A

Your spell library contained the following spells:

 Spells                   Type           Power        Failure   Level  Hunger
 Animate Skeleton         Necr           N/A          1%          1    N/A
 Regeneration             Chrm/Necr      ##........   14%         3    N/A

Dungeon Overview and Level Annotations

Branches:
Dungeon (4/15)
 Temple: D:4-7

Altars:
Fedhas
Okawaru

Shops:
D:4 [

Annotations:
D:3 Kairos's ghost, amateur DsGl


Innate Abilities, Weirdness & Mutations

You do not eat or drink.
Your flesh is vulnerable to fire.
You are immune to poison.
Your flesh is cold resistant. (rC+)
You are immune to negative energy. (rN+++)
You are immune to unholy pain and torment.
You can survive without breathing.


Message History

The orc priest writhes in agony!
You kill the orc priest!
You closely miss the orc. Something hits you. The orc misses you.
You hit the orc.
The orc is almost dead.
Something hits you. The orc misses you. Something hits you but does no damage.
You closely miss the orc.
The orc is almost dead.
The orc barely misses you. Something hits you.
You hit the orc.
You kill the orc!
Something hits you but does no damage.
You hear some strange, mumbled words.
You are confused.
You climb upwards.
Level annotation: Kairos's ghost, amateur DsGl Kairos's ghost hits you.
There is a stone staircase leading down here.
Kairos's ghost hits you!
You die...

####### #.....#####
##########.........#
#####........#......<..#
...!#........#..@{.....#
....#........#...W.....####
....#........#............##
....#..................##..######
.................................
.............)...........#######.
.............######..##### ###
........#.##.# ####.###########..
######....#..###.................


You could see Kairos's ghost.

Vanquished Creatures
  An orc priest (D:4)
  2 orc wizards (D:4)
  A worker ant (D:4)
  Robin (D:2)
  An adder (D:3)
  An ooze (D:2)
  A worm (D:2)
  4 dart slugs
  3 leopard geckos (D:1)
  10 orcs
  A bat (D:1)
  2 giant cockroaches
  13 goblins
  5 hobgoblins
  9 jackals
  8 kobolds
  2 ball pythons
  4 frilled lizards
  3 rats
72 creatures vanquished.

Notes
Turn   | Place    | Note
-------+----------+-------------------------------------------
     0 | D:1      | iamserjio the Mummy Necromancer began the quest for the Orb.
     0 | D:1      | Reached XP level 1. HP: 13/13 MP: 4/4
   315 | D:1      | Reached XP level 2. HP: 19/19 MP: 3/6
   826 | D:1      | Reached XP level 3. HP: 22/24 MP: 0/7
  1794 | D:2      | Noticed Robin
  2402 | D:2      | Killed Robin
  2705 | D:2      | Reached XP level 4. HP: 30/30 MP: 7/9
  2806 | D:2      | Reached skill level 5 in Necromancy
  2874 | D:3      | Noticed Kairos's ghost (amateur DsGl)
  3173 | D:3      | Found a blossoming altar of Fedhas.
  3176 | D:3      | Found an iron altar of Okawaru.
  3575 | D:4      | Learned a level 3 spell: Vampiric Draining
  3580 | D:4      | Learned a level 4 spell: Animate Dead
  3589 | D:4      | Reached XP level 5. HP: 31/35 MP: 8/12
  3633 | D:4      | Found Hevvihic's Antique Armour Shoppe.
  3843 | D:4      | Reached skill level 5 in Spellcasting
  3853 | D:3      | Slain by Kairos's ghost

Vault maps used:
D:1:      onia_arrival_pyramid, wad_floor_pattern_untrapped
D:2:      minmay_misc_feat_hallway, grunt_ministairs_4, uniq_robin
D:3:      grunt_temple_overflow_open
D:4:      old_standard_altar, minmay_temple_entry_junction,
          nicolae_ossuary_entry_false_entrances, first_ration,
          minmay_shop_grid_forest

Skill      XL: |  1  2  3  4  5 |
---------------+----------------+-----
Spellcasting   | 3 4 5 |  5.3
Necromancy     | 5 |  5.8
Dodging        | |  1.6
Stealth        | |  1.6

Action                   |  1- 3 |  4- 6 || total
-------------------------+-------+-------++-------
Melee: Unarmed           |    12 |       ||    12
       Club              |    14 |     2 ||    16
       Short sword       |       |    26 ||    26
 Cast: Pain              |    82 |    72 ||   154
  Use: Scroll            |       |     4 ||     4
Armor: Robe              |     9 |    10 ||    19
Dodge: Dodged            |    43 |    44 ||    87

Table legend:
 A = Spawn XP
 B = Non-spawn XP
 C = Spawn XP percentage of total XP
 D = Spawn monster count
 E = Non-spawn monster count
 F = Spawn count percentage of total count
 G = Total turns spent on level
                    A         B        C        D         E        F      G
               +---------+---------+-------+---------+---------+-------+---------
         Total |       0 |     334 |   0.0 |       0 |      72 |   0.0 |  3853
               +---------+---------+-------+---------+---------+-------+---------
           D:1 |       0 |      49 |   0.0 |       0 |      23 |   0.0 |  1723
           D:2 |       0 |      52 |   0.0 |       0 |      17 |   0.0 |  1260
           D:3 |       0 |      58 |   0.0 |       0 |      22 |   0.0 |   692
           D:4 |       0 |     175 |   0.0 |       0 |      10 |   0.0 |   178
               +---------+---------+-------+---------+---------+-------+---------
